 Dungeon Crawl Stone Soup version 0.28-a0-425-gd0eccab798 (webtiles) character file.

Game seed: 7790683847016809105

15104 dolemite99 the Severer (level 12, -12/110 HPs)
             Began as a Hill Orc Fighter on Sept 10, 2021.
             Was an Initiate of Gozag.
             Mangled by a red ugly thing (23 damage)
             ... on level 8 of the Dungeon.
             The game lasted 00:23:13 (17836 turns).

dolemite99 the Severer (Hill Orc Fighter)          Turns: 17836, Time: 00:23:14

Health: -12/110    AC: 27    Str: 27    XL:     12   Next: 23%
Magic:  12/12      EV:  7    Int:  8    God:    Gozag
Gold:   539        SH:  0    Dex: 10    Spells: 11/11 levels left

rFire   . . .      SeeInvis +   b - +0 longbow
rCold   . . .      Faith    .   (shield currently unavailable)
rNeg    . . .      Spirit   .   p - +0 plate armour
rPois   .          Reflect  .   (no helmet)
rElec   .          Harm     .   w - +2 cloak
rCorr   .          Rampage  .   J - +1 pair of gloves of the Swamp {Drain +Blink Regen+ Str+3}
Will    .....                   t - +1 pair of boots
Stlth   ..........              v - amulet of regeneration
HPRegen 2.28/turn               j - ring of see invisible
MPRegen 0.13/turn               d - +4 ring of protection

@: gold aura, very slightly contaminated, slowed, invisible, very slow
A: no striking features
a: Renounce Religion, Evoke Blink, Potion Petition, Call Merchant, Bribe Branch


You were on level 8 of the Dungeon.
You worshipped Gozag.
Gozag was pleased with you.
You visited 1 branch of the dungeon, and saw 10 of its levels.
You also visited: Bailey.

You collected 3220 gold pieces.
You spent 1334 gold pieces at shops.
You paid 1347 gold pieces to Gozag.

Inventory:

Hand Weapons
 a - a +0 war axe
 b - a +0 longbow (weapon)
 c - a +0 battleaxe
 i - a +2 whip of draining
 F - a +1 vampiric trident
 G - a +0 shortbow
Missiles
 e - 53 arrows (quivered ammo)
 h - 173 stones
 m - 71 sling bullets
 o - 35 poisoned darts
 q - 49 bolts
Armour
 p - a +0 plate armour (worn)
 s - a +0 chain mail
 t - a +1 pair of boots (worn)
 w - a +2 cloak (worn)
 J - the +1 pair of gloves of the Swamp (worn) {Drain +Blink Regen+ Str+3}
   (You found it on level 9 of the Dungeon)

   Str:       It affects your strength (+3).
   +Blink:    It lets you blink.
   Regen:     It increases your rate of health regeneration.
   Drain:     It drains your maximum health when unequipped.
Jewellery
 d - a +4 ring of protection (right hand)
 j - a ring of see invisible (left hand)
 v - an amulet of regeneration (around neck)
 y - an amulet of the acrobat
Wands
 f - a wand of charming (1)
 g - a wand of digging (7)
Scrolls
 k - 3 scrolls of magic mapping
 n - 2 scrolls of teleportation
 r - 2 scrolls of fog
 z - a scroll of enchant weapon
 E - 2 scrolls of silence
Potions
 u - a potion of flight
 x - a potion of mutation
 A - 2 potions of brilliance
 C - 2 potions of attraction
 D - a potion of cancellation {unknown}
 H - 2 potions of magic {unknown}
 I - a potion of might


   Skills:
 - Level 11.3 Fighting
 - Level 15.0 Axes
 + Level 7.8 Bows
 - Level 10.5 Armour
 - Level 3.2 Shields


You had 11 spell levels left.
You didn't know any spells.
Your spell library contained the following spells:

 Spells                   Type           Power      Damage    Failure   Level
 Magic Dart               Conj           0%         1d3       98%         1
 Sting                    Tmut/Pois      0%         1d3       98%         1
 Blink                    Tloc           N/A        N/A       99%         2
 Call Imp                 Summ           0%         N/A       99%         2
 Corpse Rot               Necr/Air       N/A        N/A       99%         2
 Ensorcelled Hibernation  Hex/Ice        0%         N/A       99%         2
 Poisonous Vapours        Pois/Air       0%         N/A       99%         2
 Call Canine Familiar     Summ           0%         N/A       100%        3
 Lesser Beckoning         Tloc           0%         N/A       100%        3
 Mephitic Cloud           Conj/Pois/Air  0%         N/A       100%        3
 Ozocubu's Armour         Ice            0%         N/A       100%        3
 Portal Projectile        Hex/Tloc       0%         N/A       100%        3
 Spider Form              Tmut/Pois      0%         N/A       100%        3
 Dispel Undead            Necr           0%         3d6       100%        4
 Leda's Liquefaction      Hex/Erth       0%         N/A       100%        4
 Olgreb's Toxic Radiance  Pois           0%         N/A       100%        4
 Manifold Assault         Tloc           0%         N/A       100%        5
 Metabolic Englaciation   Hex/Ice        0%         N/A       100%        5
 Death Channel            Necr           0%         N/A       100%        6
 Simulacrum               Ice/Necr       0%         N/A       100%        6


Dungeon Overview and Level Annotations

Branches:
Dungeon (10/15)            Temple (0/1) D:5          Bailey (visited)
   Lair: D:8-11         Orc: D:9-12

Altars:
Ashenzari
Cheibriados
Fedhas
Gozag
Hepliaklqana
Kikubaaqudgha
Makhleb
Nemelex Xobeh
Sif Muna
Uskayaw
Xom
Yredelemnul
The Shining One

Shops:
D:6 *[[*(=   D:9 *


Message History

The freezing wraith is severely damaged.
The freezing wraith hits you but does no damage. x2
The freezing wraith hits you! The freezing wraith freezes you!!
* * * LOW HITPOINT WARNING * * *
The freezing wraith barely misses you.
Fire: 57 arrows
Press: ? - help, Q - select action, (/) - cycle Shift-Dir - straight line, f/p - freezing wraith
Aim: a freezing wraith (severely damaged, 63% to hit)
You shoot an arrow. The arrow hits the freezing wraith!
The freezing wraith is almost destroyed.
The freezing wraith closely misses you. The freezing wraith barely misses you.
The freezing wraith completely misses you.
The freezing wraith hits you but does no damage.
Fire: 56 arrows
Press: ? - help, Q - select action, (/) - cycle Shift-Dir - straight line, f/p - freezing wraith
Aim: a freezing wraith (almost destroyed, 62% to hit)
You shoot an arrow.
The arrow closely misses the freezing wraith.
The freezing wraith hits you but does no damage. x4
Fire: 55 arrows
Press: ? - help, Q - select action, (/) - cycle Shift-Dir - straight line, f/p - freezing wraith
Aim: a freezing wraith (almost destroyed, 62% to hit)
You shoot an arrow.
The arrow barely misses the freezing wraith.
The freezing wraith hits you but does no damage. x2
The freezing wraith hits you.
* * * LOW HITPOINT WARNING * * *
The freezing wraith freezes you!!
* * * LOW HITPOINT WARNING * * *
The freezing wraith hits you but does no damage.
Fire: 54 arrows
Press: ? - help, Q - select action, (/) - cycle Shift-Dir - straight line, f/p - freezing wraith
Aim: a freezing wraith (almost destroyed, 62% to hit)
You shoot an arrow. The arrow hits the freezing wraith!!
You destroy the freezing wraith!
The red ugly thing kicks you.
* * * LOW HITPOINT WARNING * * *
You are engulfed in flames!!
You die...
Your body crumbles into a pile of gold.

###.......# #.##
#..#######..
..........# #..#
#..#♣♣......
..........####.#
#..#♣[######
..........##...##
#..#..'.....
...##.........#.#
#..#♣.######
...##...........##
##.#♣♣......
..####.........).#
#.########. .##
#..........#)#
#.#♣....##. ##
##..........#@##
#.#♣♣♣.#..) #
##...........##u#
#.#....#..⌠
##............##.##
#.#♣♣♣.#...
#.............##..#
#.#♣....##.
##.......).....###.##
#.########.
#..............# #..#
#.#♣♣....♣.
#..............# #..#
#.#♣.≈≈≈≈≈≈
...............#
##.###.#.≈≈≈≈≈≈≈
...............#
#..##.#♣.≈≈≈≈≈≈


You could see a red ugly thing.

Vanquished Creatures
  2 hydras (D:8)
  A boulder beetle (D:9)
  A centaur warrior (D:9)
  A two-headed ogre (D:8)
  2 tengu warriors
  Pikel (D:7)
  A cyclops (D:9)
  Maggie (D:8)
  2 unseen horrors
  An efreet (D:8)
  2 freezing wraiths (D:8)
  2 trolls
  A meliai (D:9)
  Prince Ribbit (D:6)
  3 slime creatures (D:8)
  8 yaks
  4 wyverns
  4 steam dragons
  Menkaure (D:5)
  2 acid dragons
  2 water moccasins
  2 sky beasts
  8 orc warriors
  2 ogres
  A necrophage (D:6)
  3 black bears
  3 centaurs
  2 phantoms
  A kobold brigand (D:8)
  Blork the orc (D:5)
  2 bullfrogs (D:8)
  A water moccasin zombie (D:4)
  A gnoll sergeant (D:9)
  A scorpion (D:5)
  12 wights
  6 killer bees (D:9)
  2 howler monkeys
  3 centaur zombies
  2 bullfrog skeletons (D:4)
  5 orc priests
  3 hounds
  3 iron imps (D:9)
  Crazy Yiuf (D:5)
  A gnoll shaman (D:8)
  A centaur skeleton (D:5)
  5 iguanas
  2 orc wizards
  A scorpion zombie (D:5)
  3 killer bee zombies
  A howler monkey zombie (D:8)
  10 gnolls
  11 adders
  An adder zombie (D:4)
  2 dart slugs
  52 orcs
  5 endoplasms
  A giant cockroach (D:1)
  8 goblins
  6 hobgoblins
  4 jackals
  6 kobolds
  3 quokkas
  9 ball pythons
  6 bats
  4 frilled lizards
  4 rats
254 creatures vanquished.

Vanquished Creatures (collateral kills)
  An orc (Bailey)
1 creature vanquished.

Vanquished Creatures (others)
  An orc knight (Bailey)
  A water moccasin (D:8)
  A killer bee zombie (D:8)
  5 plants (D:9)
8 creatures vanquished.

Grand Total: 263 creatures vanquished

Notes
Turn   | Place    | Note
-------+----------+-------------------------------------------
     0 | D:1      | dolemite99 the Hill Orc Fighter began the quest for the
                  | Orb.
     0 | D:1      | Reached XP level 1. HP: 19/19 MP: 1/1
    75 | D:1      | Reached skill level 3 in Axes
   284 | D:1      | Reached XP level 2. HP: 22/26 MP: 2/2
   293 | D:1      | Reached skill level 4 in Axes
   660 | D:1      | Reached XP level 3. HP: 25/31 MP: 3/3
   949 | D:2      | Reached skill level 5 in Axes
  1641 | D:2      | Found a faded altar of an unknown god.
  2009 | D:3      | Reached XP level 4. HP: 31/39 MP: 4/4
  2269 | D:3      | Reached skill level 6 in Axes
  2350 | D:3      | Found an opulent altar of Gozag.
  2357 | D:3      | Became a worshipper of Gozag Ym Sagoz the Greedy
  2389 | D:3      | Found a hazy altar of Hepliaklqana.
  2490 | D:3      | Reached XP level 5. HP: 44/45 MP: 5/5
  3160 | D:4      | Noticed a phantom
  3170 | D:4      | Killed a phantom
  3171 | D:4      | Reached skill level 7 in Axes
  3394 | D:4      | Reached skill level 8 in Axes
  3394 | D:4      | Reached XP level 6. HP: 47/51 MP: 6/6
  3471 | D:4      | Found a basalt altar of Yredelemnul.
  3865 | D:4      | Reached skill level 9 in Axes
  4052 | D:4      | Found a shimmering blue altar of Sif Muna.
  4128 | D:4      | Reached XP level 7. HP: 52/57 MP: 7/7
  4328 | D:4      | Found a snail-covered altar of Cheibriados.
  4463 | D:5      | Entered Level 5 of the Dungeon
  4520 | D:5      | Reached skill level 10 in Axes
  4521 | D:5      | Noticed Blork the orc
  4544 | D:5      | Killed Blork the orc
  5265 | D:5      | HP: 1/57 [centaur zombie (3)]
  5874 | D:5      | Reached skill level 11 in Axes
  5928 | D:5      | Found a shimmering altar of Xom.
  6048 | D:5      | Noticed Menkaure
  6056 | D:5      | Killed Menkaure
  6057 | D:5      | Reached XP level 8. HP: 64/64 MP: 8/8
  6151 | D:5      | Found a staircase to the Ecumenical Temple.
  6163 | D:5      | Reached skill level 12 in Axes
  6196 | D:5      | Found a glowing golden altar of the Shining One.
  6196 | D:5      | Found a broken altar of Ashenzari.
  6548 | D:5      | Found a runed translucent door.
  6549 | D:5      | Noticed Crazy Yiuf
  6559 | D:5      | Killed Crazy Yiuf
  7347 | D:6      | Found Mabytoot's Jewellery Shop.
  7348 | D:6      | Noticed Prince Ribbit
  7357 | D:6      | Killed Prince Ribbit
  7358 | D:6      | Reached skill level 13 in Axes
  7584 | D:6      | Bought a +4 ring of protection for 432 gold pieces
  7592 | D:6      | Found Ehojeisair's Weapon Boutique.
  7642 | D:6      | Noticed a wyvern
  7642 | D:6      | Noticed an unseen horror
  7656 | D:6      | Killed a wyvern
  7666 | D:6      | Killed an unseen horror
  7667 | D:6      | Reached skill level 14 in Axes
  7667 | D:6      | Reached XP level 9. HP: 26/70 MP: 9/9
  7993 | D:6      | Found Utikhl Iffeh's Armour Shop.
  8032 | D:6      | Found Oforho's Assorted Antiques.
  8092 | D:6      | Bought a potion of might for 96 gold pieces
  8092 | D:6      | Bought a scroll labelled RISKAG ZASOI for 24 gold pieces
  8092 | D:6      | Bought a scroll labelled QINABO LA YGGUKUNK for 24 gold
                  | pieces
  8097 | D:6      | Found Digatyr's Antique Armour Shop.
  8109 | D:6      | Reached skill level 15 in Axes
  8470 | D:6      | Found a blossoming altar of Fedhas.
  8609 | D:6      | Reached skill level 5 in Fighting
  8673 | D:6      | Found Mytainos's Assorted Antiques.
  8683 | D:6      | Bought a scroll labelled WALOGH CUSY for 20 gold pieces
  8684 | D:6      | Acquired 1057 gold pieces
  8952 | D:7      | Reached skill level 5 in Armour
  9392 | D:7      | Noticed Pikel
  9419 | D:7      | Killed Pikel
  9420 | D:7      | Reached XP level 10. HP: 75/86 MP: 10/10
 10798 | D:8      | Found a sparkling altar of Nemelex Xobeh.
 10798 | D:8      | Found an ancient bone altar of Kikubaaqudgha.
 11117 | D:8      | Noticed Maggie
 11131 | D:8      | Killed Maggie
 12000 | D:9      | Found Zoikky's General Store.
 12047 | D:9      | Bought a potion of heal wounds for 85 gold pieces
 12047 | D:9      | Bought a scroll of identify for 34 gold pieces
 12047 | D:9      | Bought a scroll of enchant weapon for 127 gold pieces
 12047 | D:9      | Bought a scroll of silence for 127 gold pieces
 12047 | D:9      | Bought a +1 vampiric trident for 297 gold pieces
 12047 | D:9      | Bought a potion of might for 68 gold pieces
 12231 | D:9      | Noticed a cyclops
 12258 | D:9      | Killed a cyclops
 12366 | D:9      | Found a burning altar of Makhleb.
 12531 | D:9      | Reached skill level 10 in Fighting
 12531 | D:9      | Reached XP level 11. HP: 75/99 MP: 11/11
 13139 | D:9      | Noticed a tengu warrior
 13140 | D:9      | Noticed a centaur warrior
 13140 | D:9      | Noticed a boulder beetle
 13165 | D:8      | Noticed a two-headed ogre
 13171 | D:8      | Killed a two-headed ogre
 13359 | D:8      | Noticed a cyclops
 13383 | D:8      | Reached skill level 10 in Armour
 13501 | D:9      | Killed a centaur warrior
 13516 | D:9      | Killed a boulder beetle
 13904 | D:9      | Reached skill level 1 in Bows
 14027 | D:9      | Killed a tengu warrior
 14813 | D:10     | Entered Level 10 of the Dungeon
 14877 | D:10     | Found a flagged portal.
 14936 | Bailey   | Entered a bailey
 15587 | Bailey   | Noticed an orc knight
 15587 | Bailey   | Noticed an orc knight
 15617 | Bailey   | Noticed an orc knight
 15623 | Bailey   | Noticed an orc knight
 16089 | D:8      | Noticed an eight-headed hydra
 16110 | D:8      | Killed an eight-headed hydra
 16111 | D:8      | Reached skill level 5 in Bows
 16464 | D:9      | Identified the +1 pair of gloves of the Swamp {Drain +Blink
                  | Regen+ Str+3}
 16500 | D:9      | Reached XP level 12. HP: 91/110 MP: 12/12
 16614 | D:9      | Noticed a five-headed hydra
 16680 | D:8      | Killed a five-headed hydra
 16689 | D:8      | Noticed a tengu warrior
 17021 | D:8      | Killed a tengu warrior
 17694 | D:8      | Found a hide-covered altar of Uskayaw.
 17836 | D:8      | Mangled by a red ugly thing

Illustrated notes

Levels and vault maps discovered:
D:1:      dpeg_arrival_central, layout_rooms
D:2:      layout_loops_ring, basic_ecumenical_altar, minmay_misc_feat_tower,
          grunt_ministairs_1, minmay_misc_feat_iff
D:3:      kb_forest_paths, layout_loops_corners, mainiacjoe_overflow_alcove_1,
          general_overflow_altar
D:4:      layout_loops_cross, nicolae_yredelemnul_corpse_copse,
          lemuel_blue_sif_altar, lemuel_round_altar, grunt_ministairs_13
D:5:      layout_basic, gammafunk_temple_overflow_elements,
          mainiacjoe_overflow_catwalk, minmay_temple_entry_glassed_door,
          grunt_decor_one_mirror, st_stairs_14, grunt_ministairs_8,
          uniq_menkaure, uniq_crazy_yiuf_cottage, uniq_blork_the_orc
D:6:      layout_basic, lemuel_crystal_altar, serial_shops,
          nicolae_lakefront_shop, nicolae_diamond_shop, nicolae_lakefront_shop,
          nicolae_shop_behind_doors, nicolae_lakefront_shop,
          minmay_shop_enchanted_jewellery, uniq_prince_ribbit1
D:7:      layout_basic, uniq_pikel
D:8:      nzn_winding_woodlands_small
          [nzn_winding_woodlands_5x15_river_crossing,
          nzn_winding_woodlands_center_pierced_h,
          nzn_winding_woodlands_5x15_longhouse], layout_cave_pods,
          lemuel_coloured_pillars_altar, jmf_multi_god_temple, minmay_radiant,
          uniq_maggie
D:9:      layout_basic, demons_altar, serial_shops, nicolae_shop_trees,
          minmay_shattered_shrine
D:10:     layout_cave_pools, david_lair_shrubbed, minmay_orc_entry_temple_small,
          enter_bailey_4, uniq_urug

Skill      XL: |  1  2  3  4  5  6  7  8  9 10 11 12 |
---------------+-------------------------------------+-----
Axes           | 3 4 5 6 8 9 11 14 15 | 15.0
Fighting       | 7 10 11 | 11.3
Armour         | 6 9 10 | 10.5
Bows           | 6 7 |  7.8
Shields        | |  3.2

Action                   |  1- 3 |  4- 6 |  7- 9 | 10-12 || total
-------------------------+-------+-------+-------+-------++-------
Melee: War axe           |    97 |   114 |   285 |   400 ||   896
 Fire: Longbow           |       |       |       |   174 ||   174
Throw: Stone             |    27 |       |       |       ||    27
       Dart              |       |    19 |    79 |    47 ||   145
Invok: Potion Petition   |       |       |       |     4 ||     4
Evoke: Wand              |       |       |       |    13 ||    13
  Use: Scroll            |     1 |     4 |    11 |     7 ||    23
       Potion            |       |       |     7 |    14 ||    21
 Stab: Invisible         |       |       |     4 |     3 ||     7
       Distracted        |       |       |       |     2 ||     2
Armor: Scale mail        |    45 |       |       |       ||    45
       Chain mail        |     9 |    75 |   111 |   152 ||   347
       Plate armour      |       |       |       |   241 ||   241
       Skin              |       |       |       |    24 ||    24
Dodge: Dodged            |    53 |    32 |   103 |   251 ||   439
Block: Buckler           |    23 |    28 |    44 |    68 ||   163

Table legend: (Time is in decaauts)
 A = Elapsed time spent in this place.
 B = Non-inter-level travel time spent in this place.
 C = Inter-level travel time spent in this place.
 D = Time resting spent in this place.
 E = Time spent auto-exploring this place.
 F = Levels seen in this place.
 G = Mean time per level.
                   A        B        C        D        E       F      G
               +--------+--------+--------+--------+--------+-----+--------+
         Total |  17754 |  16750 |   1004 |   7227 |   6090 |  11 | 1614.0 |
       Dungeon |  17041 |  16037 |   1004 |   6815 |   6028 |  10 | 1704.1 |
        Bailey |    712 |    712 |      0 |    412 |     62 |   1 |  712.0 |
               +--------+--------+--------+--------+--------+-----+--------+

Top non-repeatable levels by time:
     D:8: 3721 daAuts
     D:4: 2296 daAuts
     D:9: 2094 daAuts
     D:5: 1873 daAuts
     D:6: 1799 daAuts
     D:7: 1589 daAuts
     D:3: 1439 daAuts
     D:2: 1018 daAuts
     D:1: 828 daAuts
  Bailey: 712 daAuts
    D:10: 379 daAuts
